 Dungeon Crawl Stone Soup version 0.18-a0-1521-g59d19af (webtiles) character file.

9608 mopl the Covert (level 11, -5/97 (100) HPs)
             Began as a Kobold Ice Elementalist on Mar 7, 2016.
             Was an Elder of Pakellas.
             Slain by a manticore (8 damage)
             ... on level 11 of the Dungeon on Mar 8, 2016.
             The game lasted 00:26:28 (11108 turns).

mopl the Covert (Kobold Ice Elementalist)          Turns: 11108, Time: 00:26:28

HP:   -5/97 (100)   AC:  8    Str: 13    XL:     11   Next: 77%
MP:   18/18         EV: 28    Int: 13    God:    Pakellas [****..]
Gold: 735           SH:  0    Dex: 19    Spells: 1 memorised, 13 levels left

rFire  . . .     SeeInvis +     a - +5 short sword
rCold  + . .     Gourm    .     L - +3 leather armour {rC+}
rNeg   . . .     Faith    .     (shield restricted)
rPois  .         Spirit   .     Q - +0 helmet
rElec  .         Dismiss  .     v - +0 cloak
rCorr  .         Reflect  .     (no gloves)
SustAt .         Harm     .     (no boots)
MR     .....                    (no amulet)
Stlth  ..........               E - +6 ring of evasion
                                j - ring of see invisible

@: berserking, very quick, not resistant to hostile enchantments, extremely
unstealthy
A: carnivore 3
a: Quick Charge, Device Surge, Renounce Religion


You were on level 11 of the Dungeon.
You worshipped Pakellas.
Pakellas was greatly pleased with you.
You were completely stuffed.

You visited 2 branches of the dungeon, and saw 12 of its levels.
You also visited: Sewer.

You collected 735 gold pieces.

Inventory:

Hand Weapons
 a - a +5 short sword (weapon)
 p - a +1 dagger of draining
 s - a +0 rapier
Missiles
 H - 8 tomahawks (quivered)
 S - 6 curare-tipped needles
Armour
 v - a +0 cloak (worn)
 L - a +3 leather armour of cold resistance (worn)
 Q - a +0 helmet (worn)
Rods
 D - a +7 rod of inaccuracy (5/10) {!a}
   (Pakellas gifted it to you on level 10 of the Dungeon)
Jewellery
 j - a ring of see invisible (left hand)
 o - an uncursed ring of protection from fire
 E - a +6 ring of evasion (right hand)
Wands
 b - a wand of iceblast (5/15)
 x - a wand of lightning (1/15)
 A - a wand of polymorph (12/24)
 I - a wand of iceblast (6/15)
 K - a wand of digging (16/24)
 O - a wand of iceblast (7/15)
 P - a wand of iceblast (8/15)
Scrolls
 e - a scroll of fog
 f - 2 scrolls of fear
 k - a scroll of amnesia {unknown}
 l - a scroll of teleportation {unknown}
 n - a scroll of summoning {unknown}
 t - a scroll of vulnerability {unknown}
 u - 3 scrolls of remove curse
 w - 2 scrolls of magic mapping {unknown}
 z - 3 scrolls of blinking
 G - 5 scrolls of enchant armour {unknown}
 J - a scroll of recharging {unknown}
 N - a scroll of identify
Potions
 d - 3 potions of curing
 g - 2 potions of brilliance
 i - a potion of berserk rage {!q}
 m - a potion of magic
 q - a potion of invisibility
 r - a potion of flight
 B - 2 potions of cancellation
 C - a potion of lignification {!q}
 F - a potion of might
 M - 2 potions of resistance
Books
 y - a book of Unlife

   Spells                             Type                      Level
   a - Recall                         Summoning/Translocation      3
   b - Animate Dead                   Necromancy                   4
   c - Control Undead                 Necromancy                   4
   d - Cigotuvi's Embrace             Necromancy                   5
   e - Death Channel                  Necromancy                   6
   f - Simulacrum                     Ice/Necromancy               6
Comestibles
 c - 7 meat rations
 h - a slice of pizza
 R - 2 chunks of flesh


   Skills:
 + Level 7.1 Fighting
 + Level 9.2 Short Blades
 + Level 9.1 Dodging
 * Level 13.6 Stealth
 - Level 2.0 Spellcasting
   Level 0.8 Conjurations
 - Level 3.0 Ice Magic
 * Level 10.0 Evocations


You had 13 spell levels left.
You knew the following spells:

 Your Spells              Type           Power        Failure   Level  Hunger
a - Freeze                Ice            #...         12%         1    ##.....


Dungeon Overview and Level Annotations

Branches:
Dungeon (11/15)            Temple (0/1) D:6            Lair (1/8) D:8
    Orc (0/2) D:10

Altars:
Ashenzari
Elyvilon
Gozag
Pakellas
Ru
Vehumet
Zin
The Shining One

Shops:
D:6 *=

Annotations:
D:6 exclusion: 2 centaurs
D:9 fly


Innate Abilities, Weirdness & Mutations

You are small and have problems with some larger weapons.
You are carnivorous and can eat meat at any time.


Message History

You are too injured to fight recklessly!
You are too injured to fight recklessly!
You hit the manticore but do no damage.
The manticore is moderately wounded.
You hit the manticore.
The manticore is heavily wounded.
The manticore bites you!
* * * LOW HITPOINT WARNING * * *
The manticore closely misses you. The manticore misses you.
Drink which item? (? for menu, Esc to quit)
Really quaff
i - 2 potions of berserk rage {!q}?
A red film seems to cover your vision as you go berserk!
You feel yourself moving faster!
You feel mighty! The manticore bites you!!
* * * LOW HITPOINT WARNING * * *
The manticore completely misses you. x2
You puncture the manticore!
The manticore is severely wounded.
The manticore barely misses you. The manticore claws you!
You die...
Pakellas says: Time to find a new assistant...

#........# #K...####
#........# #[.......
##........##+#####........
#...............KK........
#.......รท..K......)......#
#.....#####KK.KK.........+
#.....#...#a########......
#.....#...#H# ##....
#.....'...#@# .._.
#.....#####.# ...
#...........# #..<........#
#...........+
#...........##
######.....(.. #........
#........


You could see a manticore, a big kobold, a worker ant and 2 kobolds.

Vanquished Creatures
  4 lindwurms (D:9)
  A manticore (D:11)
  Joseph (D:7)
  2 centaur skeletons
  A kobold demonologist (D:11)
  10 yaks
  Sigmund (D:4)
  A wolf (D:6)
  A hippogriff (D:9)
  2 orc warriors
  3 ice beasts
  A sky beast (D:9)
  2 black bears
  A necrophage (D:10)
  4 ogres
  A phantom (D:6)
  A boggart (D:6)
  2 centaurs
  2 crocodiles
  3 big kobolds
  5 giant frogs
  2 scorpions
  5 wights (D:10)
  7 howler monkeys
  5 crimson imps
  A giant frog skeleton (D:9)
  4 hounds
  A jelly (D:9)
  A quasit (D:10)
  8 orc priests
  A gnoll shaman (D:3)
  4 iguanas
  Ijyb (D:3)
  10 orc wizards
  6 worker ants
  A killer bee zombie (D:9)
  Robin (D:3)
  7 gnolls
  A howler monkey skeleton (D:7)
  16 adders
  3 river rats
  3 shadow imps
  2 worms
  7 giant geckos
  50 orcs
  3 giant cockroaches
  13 goblins
  13 hobgoblins
  13 jackals
  24 kobolds
  4 quokkas
  2 ball pythons
  4 bats
  6 giant newts
  A quokka skeleton (D:10)
  A quokka zombie (D:6)
  16 rats
296 creatures vanquished.

Vanquished Creatures (others)
  A hippogriff (D:4)
1 creature vanquished.

Grand Total: 297 creatures vanquished

Notes
Turn   | Place    | Note
--------------------------------------------------------------
     0 | D:1      | mopl the Kobold Ice Elementalist began the quest for the Orb.
     0 | D:1      | Reached XP level 1. HP: 10/10 MP: 3/3
   107 | D:1      | Reached skill level 3 in Stealth
   272 | D:1      | Reached XP level 2. HP: 15/15 MP: 5/5
   763 | D:1      | Reached skill level 1 in Short Blades
   824 | D:1      | Reached XP level 3. HP: 20/20 MP: 6/6
   826 | D:1      | Reached skill level 4 in Stealth
  1095 | D:2      | Reached skill level 2 in Short Blades
  1183 | D:2      | HP: 1/20 [worm (8)]
  1579 | D:2      | Found a white marble altar of Elyvilon.
  1599 | D:2      | Reached XP level 4. HP: 24/24 MP: 7/7
  1829 | D:3      | Noticed a giant frog
  1841 | D:3      | Killed a giant frog
  1841 | D:3      | Reached skill level 1 in Fighting
  1841 | D:3      | Reached skill level 3 in Short Blades
  1841 | D:3      | Reached skill level 3 in Dodging
  1841 | D:3      | Reached skill level 5 in Stealth
  1841 | D:3      | Reached XP level 5. HP: 9/29 MP: 1/8
  1882 | D:4      | Noticed an ogre
  2165 | D:3      | Reached XP level 6. HP: 18/35 MP: 1/9
  2170 | D:3      | Found a glowing drain.
  2200 | Sewer    | Entered a sewer
  2205 | Sewer    | Reached skill level 2 in Fighting
  2428 | Sewer    | Reached skill level 6 in Stealth
  2534 | Sewer    | Found a glowing silver altar of Zin.
  2609 | D:3      | Noticed Ijyb
  2620 | D:3      | Killed Ijyb
  2620 | D:3      | Reached skill level 4 in Dodging
  2682 | D:3      | Reached skill level 4 in Short Blades
  2726 | D:3      | Noticed Robin
  2798 | D:3      | Reached XP level 7. HP: 25/40 MP: 10/10
  2814 | D:3      | Killed Robin
  3145 | D:4      | Reached skill level 7 in Stealth
  3744 | D:4      | Reached skill level 3 in Fighting
  3744 | D:4      | Reached skill level 1 in Evocations
  3815 | D:4      | HP: 2/41 [poisoned by a worker ant]
  3822 | D:3      | HP: 1/41 [poisoned by a worker ant]
  4458 | D:4      | Reached XP level 8. HP: 42/46 MP: 11/11
  4463 | D:4      | Reached skill level 8 in Stealth
  4481 | D:3      | Reached skill level 5 in Dodging
  4535 | D:4      | Reached skill level 2 in Evocations
  4751 | D:4      | Noticed Sigmund
  4757 | D:4      | Killed Sigmund
  4757 | D:4      | Reached skill level 5 in Short Blades
  4757 | D:4      | Reached skill level 3 in Evocations
  4894 | D:4      | Found an oddly glowing altar of Pakellas.
  4894 | D:4      | Noticed an orange crystal statue
  4898 | D:4      | Became a worshipper of Pakellas the Inventive
  4915 | D:5      | Entered Level 5 of the Dungeon
  5178 | D:5      | Reached skill level 9 in Stealth
  5497 | D:6      | Found a staircase to the Ecumenical Temple.
  5505 | D:6      | Reached skill level 4 in Evocations
  5517 | D:6      | Found Serimur's Jewellery Shop.
  5520 | D:6      | Reached skill level 4 in Fighting
  5567 | D:6      | Reached XP level 9. HP: 27/52 MP: 12/12
  5667 | D:6      | Reached skill level 6 in Short Blades
  5682 | D:6      | Found a sacrificial altar of Ru.
  5748 | D:6      | Reached * piety under Pakellas
  5748 | D:6      | Reached skill level 6 in Dodging
  5846 | D:6      | Reached skill level 5 in Evocations
  6128 | D:6      | Reached skill level 10 in Stealth
  6399 | D:6      | Found Ecwoasim's Assorted Antiques.
  6454 | D:6      | Found an opulent altar of Gozag.
  6845 | D:7      | Reached ** piety under Pakellas
  6845 | D:7      | Received a gift from Pakellas
  7127 | D:7      | Found a shattered altar of Ashenzari.
  7176 | D:7      | Noticed Joseph
  7188 | D:7      | Killed Joseph
  7188 | D:7      | Reached skill level 5 in Fighting
  7188 | D:7      | Reached skill level 7 in Short Blades
  7188 | D:7      | Reached skill level 6 in Evocations
  7436 | D:7      | Reached XP level 10. HP: 59/59 MP: 14/14
  7547 | D:8      | Reached skill level 7 in Dodging
  7555 | D:8      | Reached skill level 11 in Stealth
  7683 | D:8      | Found a glowing golden altar of the Shining One.
  7717 | D:8      | Found a staircase to the Lair.
  8492 | D:8      | Reached skill level 7 in Evocations
  8618 | Lair:1   | Entered Level 1 of the Lair of Beasts
  8686 | D:9      | Found a radiant altar of Vehumet.
  8893 | D:9      | Noticed a lindwurm
  8899 | D:9      | Noticed a lindwurm
  8905 | D:9      | Killed a lindwurm
  8907 | D:9      | Killed a lindwurm
  8907 | D:9      | Reached skill level 8 in Short Blades
  8907 | D:9      | Reached skill level 12 in Stealth
  8907 | D:9      | Reached skill level 8 in Evocations
  8910 | D:9      | Noticed a lindwurm
  8924 | D:9      | Found an opulent altar of Gozag.
  9284 | D:9      | Reached skill level 6 in Fighting
  9285 | D:9      | Reached skill level 8 in Dodging
  9497 | D:9      | Noticed a lindwurm
  9507 | D:9      | Killed a lindwurm
  9507 | D:9      | Reached XP level 11. HP: 64/64 MP: 9/17
  9507 | D:9      | Killed a lindwurm
  9507 | D:9      | Reached skill level 9 in Evocations
  9598 | D:10     | Entered Level 10 of the Dungeon
  9796 | D:10     | Reached skill level 13 in Stealth
  9803 | D:10     | Reached *** piety under Pakellas
 10096 | D:10     | Reached skill level 9 in Short Blades
 10571 | D:10     | Reached **** piety under Pakellas
 10571 | D:10     | Received a gift from Pakellas
 10602 | D:10     | Found a staircase to the Orcish Mines.
 11022 | D:11     | Noticed a manticore
 11025 | D:11     | Killed a manticore
 11025 | D:11     | Reached skill level 7 in Fighting
 11025 | D:11     | Reached skill level 9 in Dodging
 11054 | D:11     | Found a glowing silver altar of Zin.
 11057 | D:11     | Identified a +7 rod of inaccuracy (10/10) {!a} (Pakellas gifted it to you on level 10 of the Dungeon)
 11067 | D:11     | Noticed a manticore
 11074 | D:11     | Noticed a sun demon
 11098 | D:11     | Reached skill level 10 in Evocations
 11107 | D:11     | HP: 3/97 [manticore (21)]
 11108 | D:11     | Slain by a manticore

Vault maps used:
D:1:      onia_arrival_pyramid, minivault_19, serial_bayou_pond_c
D:2:      elyvilon_altar_4
D:3:      gup_sewer_entry_bowl, uniq_robin, uniq_iyjb
D:4:      gammafunk_pakellas_statue_experiment, kennysheep_generic_room_3,
          uniq_sigmund
D:5:      first_bread
D:6:      nicolae_whirlpool, kennysheep_little_box, lemuel_round_altar,
          minmay_temple_entry_large_hall, serial_shops, nicolae_shop_trees,
          shop, grunt_ministairs_9, minmay_misc_feat_x, uniq_edmund
D:7:      ashenzari_conservatory_becter, uniq_joseph
D:8:      lair_0_dummy, basic_altar, grunt_pizzeria, nrook_mini_vaults
D:9:      overflow_temple_1_default, basic_altar, minmay_lindwurm_lava
D:10:     hiddenorc2_lemuel
D:11:     serial_shops, shop, basic_altar
Sewer:    sewer_kobolds

Skill      XL: |  1  2  3  4  5  6  7  8  9 10 11 |
---------------+----------------------------------+-----
Stealth        | 3 4 5 6 7 9 10 12 13 | 13.6
Short Blades   | 1 2 3 4 5 7 8 9 |  9.2
Fighting       | 1 2 3 4 5 6 7 |  7.1
Dodging        | 3 4 5 6 8 9 |  9.1
Evocations     | 1 4 6 8 10 | 10.0
Spellcasting   | |  2.0
Conjurations   | |  0.8
Ice Magic      | |  3.0

Action                   |  1- 3 |  4- 6 |  7- 9 | 10-12 || total
-------------------------+-------+-------+-------+-------++-------
Melee: Short sword       |    72 |    90 |   340 |   415 ||   917
Throw: Throwing net      |       |       |     6 |       ||     6
 Cast: Freeze            |     8 |    33 |    24 |       ||    65
Invok: Quick Charge      |       |       |     1 |     4 ||     5
Evoke: Wand              |       |       |     7 |    17 ||    24
       Rod               |       |       |       |     3 ||     3
  Use: Scroll            |       |     9 |     5 |     3 ||    17
       Potion            |       |     2 |     2 |     2 ||     6
 Stab: Sleeping          |    15 |    16 |    19 |    14 ||    64
       Distracted        |     1 |       |     2 |       ||     3
       Held in net/web   |       |       |     4 |       ||     4
  Eat: Chunk             |    11 |     4 |    16 |    13 ||    44
